 Dungeon Crawl Stone Soup version 0.23.2-40-g277498a001 (webtiles) character file.

Game seed: 6872986585810450210

1350195 Aston the Imperceptible (level 27, 140/140 HPs)
             Began as a Vine Stalker Enchanter on June 11, 2019.
             Was the Champion of Wu Jian.
             Escaped with the Orb
             ... and 3 runes on Apr 9, 2024!
             The game lasted 11:37:02 (119289 turns).

Aston the Imperceptible (Vine Stalker Enchanter)  Turns: 119289, Time: 11:37:03

Health: 140/140    AC: 33    Str: 21      XL:     27
Magic:  48/48      EV: 19    Int: 21 (22) God:    Wu Jian [******]
Gold:   6140       SH: 17    Dex: 17 (18) Spells: 5/58 levels left

rFire    + + .     SeeInvis +   a - +6 dagger of the Ecumenical Temple {elec, MP+9 Int+6}
rCold    + . .     Gourm    .   h - +0 shield
rNeg     . . .     Faith    .   n - +8 shadow dragon scales
rPois    +         Spirit   +   l - +3 helmet of the Hart {Str+3}
rElec    +         Reflect  +   Y - +2 cloak of the Prince {+Fly MR+ Slay+2}
rCorr    .         Harm     .   w - +3 pair of gloves of the Oligarchy {rPois Stlth+}
MR       ++++.     Rnd*Rage +   I - +2 pair of boots
Stlth    ++++......             o - amulet "Yman" {Reflect rElec rF+ SH+3}
HPRegen  1.13/turn              O - ring of protection from cold
MPRegen  0.31/turn              p - ring of protection from fire

@: studying Translocations
A: fangs 3, thin skeletal structure 1, see invisible, berserk 3, deformed body,
deterioration 2, dopey 2, frail 1, low mp 1, regeneration 2, magic shield,
antimagic bite, no potion heal 3, rot immunity
0: Orb of Zot
}: 3/15 runes: decaying, serpentine, abyssal
a: Wall Jump, Serpent's Lash, Heavenly Storm, Renounce Religion, Evoke Flight


You escaped.
You worshipped Wu Jian.
Wu Jian was exalted by your worship.
You were not hungry.

You visited 10 branches of the dungeon, and saw 51 of its levels.
You visited the Abyss 2 times.
You visited 2 bazaars.
You also visited: Ossuary, Gauntlet, Wizlab and Desolation.

You collected 10127 gold pieces.
You spent 3987 gold pieces at shops.

Inventory:

Hand Weapons
 a - the +6 dagger of the Ecumenical Temple (weapon) {elec, MP+9 Int+6}
   (You took it off a deep elf sorcerer on level 3 of the Elven Halls)

   Occasionally, upon striking a foe, it will discharge some electrical energy
   and cause terrible harm.
   It affects your intelligence (+6).
   It affects your magic capacity (+9).
 B - a +3 vampiric rapier
 U - a +9 rapier of piercing
Missiles
 P - 4 steel javelins (quivered)
 Z - 3 throwing nets
Armour
 h - a +0 shield (worn)
 l - the +3 helmet of the Hart (worn) {Str+3}
   (You found it on level 1 of the Elven Halls)

   It affects your strength (+3).
 n - +8 shadow dragon scales (worn)
 w - the +3 pair of gloves of the Oligarchy (worn) {rPois Stlth+}
   (You took it off Nikola on level 1 of the Swamp)

   It protects you from poison.
   It makes you more stealthy.
 I - a +2 pair of boots (worn)
 W - the +2 cloak of the Thief {+Fog Slay-2 SInv Stlth+}
   (You found it in a wizard's laboratory)

   It affects your accuracy and damage with ranged weapons and melee attacks
   (-2).
   It lets you see invisible.
   It makes you more stealthy.
 Y - the +2 cloak of the Prince (worn) {+Fly MR+ Slay+2}
   (You found it on level 1 of the Realm of Zot)

   It affects your accuracy and damage with ranged weapons and melee attacks
   (+2).
   It affects your resistance to hostile enchantments.
   It lets you fly.
Jewellery
 o - the amulet "Yman" (around neck) {Reflect rElec rF+ SH+3}
   (You bought it in a shop on level 3 of the Vaults)

   [amulet of reflection]

   It shields you and reflects attacks.
   It protects you from fire.
   It insulates you from electricity.
   It affects your SH (+3).
 p - a ring of protection from fire (right hand)
 z - a +6 ring of protection
 O - a ring of protection from cold (left hand)
 T - the ring of Okawaru's Benevolence {rPois rN+}
   (You found it on level 6 of the Lair of Beasts)

   [ring of positive energy]

   It protects you from poison.
   It protects you from negative energy.
 X - an uncursed ring of resist corrosion
Wands
 j - a wand of clouds (15)
 q - a wand of flame (70)
 s - a wand of iceblast (57)
 y - a wand of acid (10)
 A - a wand of disintegration (94)
 D - a wand of digging (4)
 J - a wand of paralysis (29)
 L - a wand of scattershot (8)
 N - a wand of enslavement (19)
Scrolls
 e - 3 scrolls of magic mapping
 f - 21 scrolls of teleportation
 m - a scroll of torment
 v - 9 scrolls of fear
 C - 3 scrolls of fog
 K - 4 scrolls of vulnerability
 Q - 6 scrolls of immolation
 R - a scroll of holy word
Potions
 g - 3 potions of cancellation
 i - 19 potions of curing
 u - 15 potions of might
 x - 4 potions of agility
 E - 3 potions of resistance
 F - 3 potions of lignification
 G - 4 potions of haste
 H - 8 potions of flight
 M - 4 potions of ambrosia
 S - a potion of brilliance
 V - 6 potions of invisibility
Books
 c - a manual of Translocations
Comestibles
 d - 18 rations


   Skills:
 - Level 20.0 Fighting
 - Level 14.0 Short Blades
 * Level 9.6 Armour
 + Level 18.1 Dodging
 - Level 21.6 Stealth
 - Level 15.0 Shields
 - Level 16.0 Spellcasting
 - Level 14.2 Hexes
 * Level 16.6 Summonings
 - Level 7.6 Translocations
 - Level 2.0 Earth Magic


You had 5 spell levels left.
You knew the following spells:

 Your Spells              Type           Power        Failure   Level  Hunger
a - Corona                Hex            ######.      1%          1    None
b - Ensorcelled Hibernat  Hex/Ice        #####.       1%          2    None
c - Confuse               Hex            ######..     1%          3    None
d - Blink                 Tloc           N/A          1%          2    None
e - Tukima's Dance        Hex            ######..     1%          3    None
f - Cause Fear            Hex            ######....   1%          4    None
g - Dazzling Spray        Conj/Hex       #####.       3%          3    None
h - Passwall              Tmut/Erth      ###.....     24%         2    None
i - Invisibility          Hex            ######..     11%         6    #####..
j - Passage of Golubria   Tloc           N/A          11%         4    None
k - Summon Mana Viper     Hex/Summ       ######..     1%          5    ###....
l - Summon Lightning Spi  Summ/Air       ######..     8%          4    None
m - Swiftness             Chrm/Air       ###.....     34%         2    None
n - Shadow Creatures      Summ           N/A          3%          6    #####..
o - Darkness              Hex            ######....   11%         6    #####..

Your spell library contained the following spells:

 Spells                   Type           Power        Failure   Level  Hunger
 Summon Butterflies       Summ           ######..     1%          1    None
 Summon Small Mammal      Summ           ####         1%          1    None
 Call Imp                 Summ           ######..     1%          2    None
 Slow                     Hex            ######..     1%          2    None
 Call Canine Familiar     Summ           ######..     1%          3    None
 Portal Projectile        Hex/Tloc       ######       1%          3    None
 Recall                   Summ/Tloc      N/A          1%          3    None
 Summon Guardian Golem    Hex/Summ       ######..     1%          3    None
 Aura of Abjuration       Summ           ######....   1%          5    ###....
 Summon Demon             Summ           ######....   1%          5    ###....
 Inner Flame              Hex/Fire       #####...     3%          3    None
 Lesser Beckoning         Tloc           #####.....   3%          3    None
 Teleport Other           Tloc           #####...     3%          3    None
 Summon Forest            Summ/Tloc      ######....   4%          5    ###....
 Shroud of Golubria       Chrm/Tloc      ####......   8%          2    None
 Summon Ice Beast         Ice/Summ       ######..     8%          4    None
 Leda's Liquefaction      Hex/Erth       ######....   9%          4    None
 Sandblast                Erth           ####..       11%         1    None
 Fulminant Prism          Conj/Hex       #####.....   13%         4    None
 Flame Tongue             Conj/Fire      ###..        24%         1    None
 Freeze                   Ice            ###.         24%         1    None
 Magic Dart               Conj           ###.         24%         1    None
 Shock                    Conj/Air       ###.         24%         1    None
 Poisonous Vapours        Pois/Air       ###...       34%         2    None
 Searing Ray              Conj           ###...       34%         2    None
 Sublimation of Blood     Necr           ###.......   34%         2    None
 Throw Flame              Conj/Fire      ###...       34%         2    None
 Throw Frost              Conj/Ice       ###...       34%         2    None
 Stone Arrow              Conj/Erth      ###...       43%         3    None
 Force Lance              Conj/Tloc      ####....     45%         4    None
 Conjure Flame            Conj/Fire      ###.....     56%         3    None
 Ignite Poison            Fire/Tmut/Pois ###.....     56%         3    None
 Mephitic Cloud           Conj/Pois/Air  ###.....     56%         3    None
 Ozocubu's Armour         Chrm/Ice       ###.....     56%         3    None
 Static Discharge         Conj/Air       ###.....     56%         3    None
 Petrify                  Tmut/Erth      ###.....     83%         4    None
 Airstrike                Air            ###.......   93%         4    None
 Iskenderun's Mystic Bla  Conj           ###.....     93%         4    None
 Sticky Flame             Conj/Fire      ###.....     93%         4    None
 Throw Icicle             Conj/Ice       ###.....     93%         4    None
 Lee's Rapid Deconstruct  Erth           ####......   96%         5    ###....
 Bolt of Magma            Conj/Fire/Erth ###.......   99%         5    ###....
 Alistair's Intoxication  Tmut/Pois      ###.....     100%        5    ###....
 Fireball                 Conj/Fire      ###.......   100%        5    ###....
 Irradiate                Conj/Tmut      ###.......   100%        5    ###....
 Iskenderun's Battlesphe  Conj/Chrm      ###.....     100%        5    ###....
 Lightning Bolt           Conj/Air       ###.......   100%        5    ###....
 Venom Bolt               Conj/Pois      ###.......   100%        5    ###....
 Monstrous Menagerie      Summ           ######....   22%         7    ######.
 Summon Greater Demon     Summ           ######....   22%         7    ######.
 Summon Hydra             Summ           ######....   22%         7    ######.
 Malign Gateway           Summ/Tloc      ######....   80%         7    ######.
 Dispersal                Tloc           #####.....   85%         6    #####..
 Summon Horrible Things   Summ           ######....   86%         8    #######
 Bolt of Fire             Conj/Fire      ###.......   100%        6    #####..
 Iron Shot                Conj/Erth      ###.......   100%        6    #####..
 Poison Arrow             Conj/Pois      ###.......   100%        6    #####..
 Dragon Form              Tmut           ###.......   100%        7    ######.
 Orb of Destruction       Conj           ###.......   100%        7    ######.
 Spellforged Servitor     Conj/Summ      ######....   100%        7    ######.
 Chain Lightning          Conj/Air       ###.......   100%        8    #######
 Controlled Blink         Tloc           N/A          100%        8    #######
 Disjunction              Tloc           #####.....   100%        8    #######
 Ignition                 Fire           ###.......   100%        8    #######
 Lehudib's Crystal Spear  Conj/Erth      ###.......   100%        8    #######
 Dragon's Call            Summ           ######....   100%        9    #######
 Fire Storm               Conj/Fire      ###.......   100%        9    #######
 Glaciate                 Conj/Ice       ###.......   100%        9    #######
 Shatter                  Erth           ####......   100%        9    #######
 Tornado                  Air            ###.......   100%        9    #######


Dungeon Overview and Level Annotations

Branches:
Dungeon (15/15)            Temple (0/1) D:5            Lair (6/6) D:8
  Swamp (4/4) Lair:3        Snake (4/4) Lair:2        Slime (0/5) Lair:6
    Orc (2/2) D:9             Elf (3/3) Orc:2        Vaults (4/5) D:13
  Crypt (3/3) Vaults:2       Tomb (0/3) Crypt:3      Depths (5/5) D:15
    Zot (5/5) Depths:5

Altars:
Cheibriados
Dithmenos
Fedhas
Gozag
Hepliaklqana
Kikubaaqudgha
Makhleb
Nemelex Xobeh
Ru
Trog
Vehumet
Wu Jian
Xom
Yredelemnul
The Shining One
Beogh

Shops:
D:4 (   D:13 %   Orc:2 ?[}:   Snake:3 }==   Vaults:1 ***   Vaults:3 =
Depths:5 :

Portals:
Hell: Depths:1 Depths:2 Depths:3 Depths:4 Depths:5
Abyss: Depths:4
Pandemonium: Depths:1 Depths:2 Depths:3 Depths:4
Ziggurat: Depths:4

Annotations:
D:6 1 runed translucent door, Crazy Yiuf
Vaults:2 3 runed translucent doors, exclusion: 3 doors, Asterion; Gauwit's ghost, adept SpBe
Vaults:4 3 runed translucent doors, Kare Xaoge's ghost, adept DgTm
Depths:2 exclusion: 4 doors
Zot:1 1 runed translucent door, Gruesph's ghost, legendary FoFi
Zot:2 exclusion: 3 doors
Zot:3 exclusion: 2 upstairs
Zot:4 exclusions: 2 upstairs and 8 more exclusions
Zot:5 exclusion: upstairs


Innate Abilities, Weirdness & Mutations

You have razor-sharp teeth.
You heal very quickly.
When hurt, damage is shared between your health and your magic reserves.
Your bite disrupts and absorbs the magic of your enemies.
Potions cannot restore your health.
You are immune to rotting.
You have a somewhat thin skeletal structure. (Dex +2, Stealth)
You have supernaturally acute eyesight. (SInv)
You have an uncontrollable temper.
Armour fits poorly on your strangely shaped body.
Your body often deteriorates upon taking damage.
You are very dopey. (Int -4)
You are frail. (-10% HP)
Your magical capacity is low. (-10% MP)


Message History

A profane servitor is nearby!
You climb upwards.
There is a stone staircase leading down here.
There is a stone staircase leading up here.
You start resting.
An efreet comes into view.
It is wielding a +4 scimitar of flaming.
You climb upwards.
There is a stone staircase leading down here.
You see here a chain mail.
You see here a +0 club.
HP restored.
Magic restored.
There is a stone staircase leading up here.
You climb upwards.
There is a stone staircase leading down here.
You see here a +0 club.
You open the door.
There is an open door here.
There is a staircase leading out of the dungeon here.
You have escaped!

#.# #.#
#####.#####
#.........#
##'##'##+##
#.........#
#.........#
#.........#
#...)@....#
###########


There were no monsters in sight!

Vanquished Creatures
  An orb of fire (Zot:2)
  A juggernaut (Depths:3)
  A Killer Klown (Zot:5)
  2 shard shrikes
  Frederick (Depths:4)
  Saint Roka (Depths:4)
  Margery (Depths:5)
  3 caustic shrikes (Depths:4)
  A curse toe (Zot:3)
  Nikola (Swamp:1)
  3 golden dragons
  An electric golem (Zot:5)
  A profane servitor (WizLab)
  11 tentacled monstrosities
  13 Orb Guardians
  2 deep elf master archers (Elf:3)
  The ghost of Dadghomedgh the Thaumaturge, an adept GnWz of Sif Muna (Snake:3)
  Rupert (D:12)
  3 deep elf blademasters
  7 liches
  Frances (Elf:1)
  8 death cobs
  6 draconian monks
  8 tentacled starspawn
  4 ancient champions
  5 sphinxes
  4 thorn hunters
  A tengu reaver (Depths:3)
  A revenant (Crypt:3)
  3 shadow dragons
  16 nagarajas
  4 fire giants
  4 storm dragons
  5 draconian knights
  8 frost giants
  4 draconian scorchers
  9 deep elf sorcerers
  A cacodemon (Abyss:3)
  2 deep elf elementalists
  2 ghost moths
  2 balrugs
  9 vault wardens
  2 curse skulls
  13 ironheart preservers
  7 draconian shifters
  9 ghouls (Crypt:2)
  An entropy weaver (Vaults:3)
  3 draconian annihilators
  3 draconian stormcallers
  4 spriggan defenders
  3 war gargoyles (Crypt:3)
  33 very ugly things
  21 stone giants
  9 deep elf demonologists
  A lorocyproca (D:14)
  6 green draconians
  4 vampire knights
  Azrael (D:12)
  A dire elephant (Lair:1)
  Nessos (D:13)
  The ghost of Sveporus the Corrupter of Planes, a journeyman DsAK of Lugonu (Elf:1)
  10 black draconians
  13 red draconians
  4 yellow draconians
  7 white draconians
  8 purple draconians
  9 deep elf annihilators
  Snorg (Lair:3)
  A green death (Abyss:1)
  3 spark wasps
  10 deep elf death magi
  A blizzard demon (Depths:1)
  14 ettins
  4 eidola
  18 yaktaur captains
  12 fire dragons
  2 merfolk impalers (Depths:3)
  3 deep elf high priests
  A mummy priest (Crypt:3)
  Josephine (D:12)
  Erolcha (Orc:2)
  A fire dragon (shapeshifter) (Elf:1)
  8 great orbs of eyes
  2 jiangshi
  2 ghost crabs (Swamp:2)
  A quicksilver dragon skeleton (Crypt:3)
  Fannar (D:11)
  16 hydras
  10 ice dragons
  3 spriggan air magi
  4 shambling mangroves
  A monstrous demonspawn (Depths:3)
  9 vault guards
  3 rakshasas
  2 peacekeepers
  Harold (Orc:1)
  14 naga warriors
  2 catoblepae
  A hell beast (Depths:1)
  10 anacondas
  27 two-headed ogres
  2 death knights
  8 deep troll shamans
  11 alligators
  6 death yaks
  11 centaur warriors
  10 ogre magi
  6 thrashing horrors
  A queen ant (Lair:2)
  A tengu warrior (Depths:2)
  3 vampire magi
  25 dancing weapons
  A shock serpent (shapeshifter) (Vaults:2)
  11 deep troll earth magi
  16 naga sharpshooters
  5 sun demons (Depths:1)
  5 spriggan berserkers
  26 deep elf knights
  A soul eater (Crypt:2)
  7 shock serpents
  2 iron trolls
  8 wretched stars
  2 sea snakes (shapeshifter)
  2 sixfirhies
  5 skeletal warriors
  An iron giant zombie (Crypt:2)
  6 hell knights
  A golden dragon zombie (Depths:2)
  4 unseen horrors
  10 flayed ghosts
  5 salamander mystics
  2 shadow wraiths (Crypt:3)
  4 sea snakes (Snake:3)
  An entropy weaver zombie (Crypt:1)
  13 swamp dragons
  25 deep trolls
  An infernal demonspawn (Depths:3)
  2 unseen horrors (shapeshifter)
  A gelid demonspawn (Depths:3)
  A shadow demon (Depths:3)
  A spriggan druid (Swamp:4)
  14 phantasmal warriors
  4 naga ritualists
  16 orc knights
  25 deep elf archers
  7 glowing orange brains
  Pikel (D:6)
  A lindwurm (Lair:1)
  8 ironbrand convokers
  An anaconda skeleton (Crypt:3)
  2 harpies (shapeshifter)
  76 deep elf magi
  6 wizards
  An obsidian statue (D:10)
  A lindwurm (shapeshifter) (Depths:4)
  2 necromancers
  7 mana vipers
  6 wolf spiders
  2 salamanders (shapeshifter)
  2 draconians (Abyss:3)
  14 salamanders
  A manticore (shapeshifter) (Elf:1)
  2 shadow dragon skeletons
  A shining eye (Abyss:3)
  5 oklob plants (Lair:5)
  A cyclops (D:12)
  75 ugly things
  11 orc sorcerers
  2 worldbinders
  14 moths of wrath
  8 elephants
  15 naga magi
  An apocalypse crab (Abyss:3)
  13 fire giant skeletons
  18 guardian serpents
  30 black mambas
  An iron dragon skeleton (Crypt:3)
  A rust devil (Abyss:2)
  33 spiny frogs
  A water nymph (shapeshifter) (Elf:1)
  6 smoke demons (Abyss:3)
  13 vault sentinels
  A demonspawn skeleton (WizLab)
  4 gargoyles (Crypt:3)
  2 orange demons (Abyss:3)
  A pale draconian zombie (Crypt:2)
  8 rime drakes
  A hellion (Depths:1)
  7 komodo dragons
  A kobold demonologist (D:14)
  A spark wasp simulacrum (Depths:2)
  A grey draconian zombie (Crypt:1)
  A tormentor (Abyss:3)
  38 yaktaurs
  A rime drake (shapeshifter) (Vaults:2)
  5 freezing wraiths
  2 efreet
  3 red devils (Depths:1)
  7 ancient zymes
  5 ice devils
  5 hellwings
  4 tengu conjurers
  A demonic crawler (WizLab)
  2 spriggan skeletons
  A harpy zombie (D:15)
  A queen bee (shapeshifter) (Depths:3)
  A tyrant leech (shapeshifter) (Depths:4)
  6 guardian mummies
  9 trolls
  An iron troll skeleton (Crypt:1)
  3 polar bears
  A hornet (shapeshifter) (Elf:1)
  12 tyrant leeches
  7 saltlings
  Prince Ribbit (D:7)
  24 hornets
  37 blink frogs
  7 bog bodies
  A raiju (shapeshifter) (Depths:4)
  37 slime creatures
  12 raiju
  2 frost giant simulacra (Vaults:2)
  2 blink frogs (shapeshifter)
  A stone giant simulacrum (Abyss:3)
  11 hippogriffs
  10 spriggans
  Sigmund (D:5)
  2 meliai zombies
  A redback (Vaults:3)
  A yak (shapeshifter) (Abyss:3)
  9 shadows
  3 air elementals
  A wyvern (D:12)
  An ettin skeleton (Abyss:3)
  An ice dragon skeleton (Crypt:3)
  7 water elementals
  6 fire dragon skeletons (Crypt:3)
  A tarantella (shapeshifter) (Depths:2)
  8 ynoxinuls
  3 flying skulls (Crypt:1)
  12 wraiths
  38 yaks
  A basilisk (shapeshifter) (Elf:1)
  9 small abominations
  2 humans (D:13)
  Eustachio (D:5)
  2 humans (shapeshifter)
  2 golden eyes (Abyss:3)
  9 fire elementals
  Grum (Lair:1)
  5 hungry ghosts
  23 vampire mosquitoes
  3 chaos spawn
  8 spatial vortices
  3 basilisks
  A steam dragon (D:11)
  7 wargs
  43 nagas
  A soldier ant (shapeshifter) (Vaults:2)
  12 swamp worms
  20 soldier ants (Lair:2)
  Duvessa (D:7)
  12 insubstantial wisps
  7 hell hounds
  17 water moccasins
  2 hydra simulacra (Zot:2)
  A floating eye (Depths:2)
  2 acid dragons
  5 porcupines
  19 swamp drakes
  38 orc warriors
  An infernal demonspawn skeleton (Crypt:1)
  A gelid demonspawn skeleton (Crypt:2)
  A slave (D:7)
  6 ice beasts
  26 starcursed masses
  3 black bears
  A black bear (shapeshifter) (Depths:3)
  14 large abominations
  10 boggarts
  6 sky beasts
  3 phantoms
  4 necrophages
  A snapping turtle zombie (Crypt:1)
  A tengu (shapeshifter) (Elf:1)
  A black mamba simulacrum (Abyss:3)
  22 centaurs
  15 wolves
  32 ogres
  An elf simulacrum (Vaults:1)
  17 crocodiles
  2 big kobolds
  25 bullfrogs
  2 earth elementals
  2 wyvern zombies
  A water moccasin skeleton (D:4)
  Dowan (D:7)
  4 scorpions
  A yak skeleton (Crypt:2)
  14 killer bees
  4 wights (Abyss:3)
  2 electric eels
  4 howler monkeys
  16 crimson imps
  4 bullfrog zombies
  7 quasits
  4 centaur zombies
  8 hounds
  A human simulacrum (Vaults:2)
  3 iron imps
  5 jellies
  24 orc priests
  41 orc wizards
  2 bullfrog skeletons
  9 centaur skeletons
  6 iguanas
  Ijyb (D:5)
  7 hell rats
  27 worker ants
  A demigod zombie (Crypt:2)
  2 hound zombies
  3 hound skeletons
  22 mummies
  A gnoll (D:1)
  15 adders
  8 shadow imps
  9 white imps
  4 oozes
  3 ufetubi
  2 adder zombies
  A worm (D:4)
  A dart slug (shapeshifter) (Elf:1)
  4 dart slugs
  3 leopard geckos
  90 orcs
  3 giant cockroaches (D:2)
  6 goblins
  7 hobgoblins
  8 jackals
  18 kobolds
  3 quokkas
  7 ball pythons
  13 bats
  A dart slug zombie (Crypt:2)
  3 frilled lizards
  A giant cockroach zombie (D:5)
  3 gnoll skeletons (Ossuary)
  2 goblin skeletons (Ossuary)
  A goblin zombie (Crypt:2)
  A hobgoblin skeleton (Crypt:1)
  A kobold skeleton (Ossuary)
  A leopard gecko zombie (D:5)
  2 orc skeletons (Ossuary)
  An orc zombie (Abyss:3)
  A quokka skeleton (D:8)
  7 rats
  11 rat skeletons (Ossuary)
  A lurking horror (Abyss:3)
  2 starspawn tentacles
2534 creatures vanquished.

Vanquished Creatures (collateral kills)
  2 ancient liches (Zot:5)
  A caustic shrike (Depths:4)
  An Orb Guardian (Zot:5)
  2 quicksilver dragons
  An ancient champion (Crypt:1)
  2 nagarajas (Snake:1)
  2 storm dragons
  A shadow dragon (Depths:4)
  4 frost giants
  4 fire giants
  A draconian knight (Zot:4)
  2 cacodemons
  A curse skull (Crypt:1)
  2 ironheart preservers
  A draconian annihilator (Zot:4)
  A green draconian (Zot:4)
  3 red draconians
  A black draconian (Zot:4)
  A jiangshi (Depths:4)
  2 eidola (Crypt:2)
  2 rakshasas
  A spriggan air mage (Depths:5)
  A tengu warrior (Depths:3)
  4 deep troll earth magi
  5 two-headed ogres
  2 vampire magi
  3 hell knights
  A skeletal warrior (Crypt:1)
  2 deep trolls
  A shadow wraith (WizLab)
  A salamander mystic (Snake:1)
  An orc sorcerer (Depths:4)
  A deep elf mage (Vaults:3)
  2 naga magi (Snake:1)
  An orange demon (Abyss:3)
  A guardian mummy (Depths:2)
  A troll (shapeshifter) (Elf:1)
  A hornet (Depths:5)
  A water elemental (Depths:3)
  A vampire (Abyss:2)
  2 wraiths
  A neqoxec (Abyss:3)
  6 orc warriors
  A small abomination (Abyss:3)
  An eye of draining (Abyss:3)
  A boggart (Depths:3)
  4 ogres
  An orc priest (Depths:4)
85 creatures vanquished.

Vanquished Creatures (others)
  A vault warden (Vaults:3)
  A stone giant (Depths:1)
  A deep elf annihilator (Vaults:1)
  A deep elf death mage (Vaults:4)
  A thrashing horror (Abyss:3)
  A flayed ghost (Vaults:3)
  3 deep elf magi (Elf:1)
  An ugly thing (Depths:2)
  2 naga magi (Snake:1)
  A guardian serpent (Snake:1)
  4 yaktaurs
  An ancient zyme (Abyss:2)
  A raiju (Abyss:1)
  8 dancing weapons
  A water elemental (Elf:2)
  A fire elemental (Elf:2)
  A human simulacrum (Vaults:3)
  An orc warrior (Vaults:1)
  2 centaurs (D:15)
  A quasit (Abyss:2)
  A small abomination (Abyss:3)
  An orc wizard (Orc:2)
  A shadow imp (Depths:3)
  An orc (Orc:2)
  7 briar patches (Swamp:4)
  A bush (Lair:6)
  9 fungi (Lair:6)
  59 plants
  20 starspawn tentacles
  9 toadstools (Lair:1)
143 creatures vanquished.

Grand Total: 2762 creatures vanquished

Notes
Turn   | Place    | Note
-------+----------+-------------------------------------------
     0 | D:1      | Aston the Vine Stalker Enchanter began the quest for the
                  | Orb.
     0 | D:1      | Reached XP level 1. HP: 9/9 MP: 4/4
    54 | D:1      | Reached skill level 1 in Short Blades
   183 | D:1      | Reached XP level 2. HP: 13/13 MP: 3/6
   187 | D:1      | Learned a level 2 spell: Ensorcelled Hibernation
   666 | D:1      | Reached skill level 4 in Stealth
   666 | D:1      | Reached XP level 3. HP: 12/16 MP: 0/7
  1083 | D:2      | Found an ornate altar of the Wu Jian Council.
  1096 | D:2      | Became a worshipper of the Wu Jian Council
  1138 | D:2      | You fall through a shaft for 2 floors!
  1413 | D:2      | Learned a level 3 spell: Confuse
  1449 | D:2      | Found a faded altar of an unknown god.
  1460 | D:2      | Gained mutation: Your natural rate of healing is unusually
                  | fast. [Vine Stalker growth]
  1460 | D:2      | Reached XP level 4. HP: 21/21 MP: 9/9
  1824 | D:2      | Found a glowing golden altar of the Shining One.
  2274 | D:3      | Found an ancient bone altar of Kikubaaqudgha.
  2389 | D:3      | Reached * piety under Wu Jian
  2967 | D:3      | Reached XP level 5. HP: 24/24 MP: 6/10
  3152 | D:4      | Noticed a phantom
  3171 | D:4      | Killed a phantom
  3171 | D:4      | Reached XP level 6. HP: 21/28 MP: 2/12
  3376 | D:4      | Reached skill level 5 in Stealth
  3508 | D:4      | Found Gicuteit's Weapon Emporium.
  3813 | D:4      | Reached skill level 5 in Hexes
  3897 | D:4      | Learned a level 2 spell: Blink
  3901 | D:4      | Learned a level 3 spell: Tukima's Dance
  4318 | D:5      | Entered Level 5 of the Dungeon
  4318 | D:5      | Found a shadowy altar of Dithmenos.
  4318 | D:5      | Noticed Sigmund
  4371 | D:5      | Noticed an ice beast
  4373 | D:5      | Noticed Ijyb
  4375 | D:5      | Killed an ice beast
  4375 | D:5      | Reached XP level 7. HP: 32/32 MP: 13/13
  4391 | D:5      | Killed Ijyb
  4649 | D:5      | Killed Sigmund
  4649 | D:5      | Reached skill level 6 in Stealth
  4764 | D:5      | Gained mutation: You have razor-sharp teeth. [Vine Stalker
                  | growth]
  4764 | D:5      | Reached XP level 8. HP: 35/36 MP: 15/15
  4800 | D:5      | Reached ** piety under Wu Jian
  4931 | D:5      | Found a burning altar of Makhleb.
  5020 | D:5      | Noticed Eustachio
  5038 | D:5      | Killed Eustachio
  5093 | D:5      | Found a glowing golden altar of the Shining One.
  5093 | D:5      | Found a shimmering altar of Xom.
  5354 | D:5      | Found a staircase to the Ecumenical Temple.
  5659 | D:6      | Reached skill level 7 in Stealth
  5659 | D:6      | Reached skill level 5 in Spellcasting
  6119 | D:6      | HP: 1/36 [poisoned by a killer bee]
  6260 | D:6      | Found a runed translucent door.
  6261 | D:6      | Noticed Crazy Yiuf
  6345 | D:6      | Reached XP level 9. HP: 38/39 MP: 15/18
  6629 | D:7      | Noticed Prince Ribbit
  6633 | D:7      | Killed Prince Ribbit
  6741 | D:7      | Found a sand-covered staircase.
  6750 | Ossuary  | Entered an ossuary
  7271 | Ossuary  | Reached *** piety under Wu Jian
  7650 | D:7      | Noticed Dowan
  7651 | D:7      | Noticed Duvessa
  7652 | D:7      | Killed Dowan
  7652 | D:7      | Reached skill level 5 in Short Blades
  7652 | D:7      | Reached skill level 8 in Stealth
  7711 | D:7      | Killed Duvessa
  7946 | D:7      | Noticed Pikel
  8169 | D:6      | Killed Pikel
  8389 | D:7      | Reached XP level 10. HP: 44/44 MP: 20/20
  8737 | D:7      | Reached skill level 9 in Stealth
  8771 | D:8      | Paralysed by a hornet for 1 turns
  9146 | D:8      | Reached **** piety under Wu Jian
  9517 | D:8      | Found a staircase to the Lair.
  9657 | D:9      | Noticed a two-headed ogre
  9670 | D:8      | Reached skill level 10 in Hexes
  9990 | D:9      | Found a bloodstained altar of Trog.
 10482 | D:9      | Found a staircase to the Orcish Mines.
 10845 | D:9      | Killed a two-headed ogre
 10845 | D:9      | Reached skill level 10 in Stealth
 10845 | D:9      | Reached skill level 1 in Translocations
 11020 | D:9      | Found a snail-covered altar of Cheibriados.
 11020 | D:9      | Found a blossoming altar of Fedhas.
 11353 | D:9      | Found a sparkling altar of Nemelex Xobeh.
 11504 | D:9      | Reached XP level 11. HP: 47/47 MP: 20/23
 11628 | D:10     | Entered Level 10 of the Dungeon
 11834 | D:9      | Reached ***** piety under Wu Jian
 12128 | D:10     | Noticed an obsidian statue
 12506 | D:10     | Noticed an unseen horror
 12538 | D:10     | Killed an unseen horror
 12538 | D:10     | Reached skill level 1 in Fighting
 12835 | Lair:1   | Entered Level 1 of the Lair of Beasts
 12865 | Lair:1   | Noticed Grum
 13005 | Lair:1   | Killed Grum
 13062 | Lair:1   | Found a gate leading to a gauntlet.
 13071 | Gauntlet | Entered a Gauntlet
 13071 | Gauntlet | Found a transporter.
 13071 | Gauntlet | Found a transporter.
 13169 | Gauntlet | Found a transporter.
 13170 | Gauntlet | Found a transporter.
 13174 | Gauntlet | Noticed a soul eater
 13181 | Gauntlet | Found a transporter.
 13181 | Gauntlet | Found a transporter.
 13184 | Gauntlet | Noticed a death yak
 13184 | Gauntlet | Noticed a death yak
 13185 | Gauntlet | Noticed a death yak
 13185 | Gauntlet | Noticed a death yak
 13187 | Gauntlet | Noticed a death yak
 13189 | Gauntlet | Found a transporter.
 13206 | Gauntlet | Found a transporter.
 13223 | Gauntlet | Found a transporter.
 13224 | Gauntlet | Found a transporter.
 13232 | Gauntlet | Found a transporter.
 13236 | Gauntlet | Found a transporter.
 13239 | Gauntlet | Noticed a wizard
 14070 | Lair:1   | Noticed a dire elephant
 14070 | Lair:1   | Noticed a lindwurm
 14092 | Lair:1   | Found a runed translucent door.
 14133 | Lair:1   | You fall through a shaft!
 14321 | Lair:1   | Gained mutation: You heal very quickly. [Vine Stalker
                  | growth]
 14321 | Lair:1   | Reached XP level 12. HP: 58/58 MP: 25/25
 15395 | Lair:2   | Noticed a queen ant
 15640 | Lair:2   | Reached skill level 10 in Short Blades
 15895 | Lair:2   | Found a staircase to the Snake Pit.
 15956 | Lair:2   | Killed a queen ant
 16074 | Lair:2   | Reached skill level 5 in Fighting
 16141 | Lair:2   | Reached skill level 5 in Dodging
 16880 | Lair:3   | Noticed Snorg
 17181 | Lair:3   | Killed Snorg
 17204 | Lair:3   | Found a staircase to the Swamp.
 18054 | Lair:4   | Reached XP level 13. HP: 65/65 MP: 22/26
 18222 | Lair:4   | Learned a level 4 spell: Cause Fear
 19135 | Lair:5   | Reached ****** piety under Wu Jian
 20113 | Lair:6   | Entered Level 6 of the Lair of Beasts
 21209 | Lair:6   | Found a staircase to the Slime Pits.
 21344 | Lair:6   | Reached XP level 14. HP: 42/72 MP: 3/27
 22399 | Lair:4   | Learned a level 3 spell: Dazzling Spray
 23668 | Lair:6   | Got a translucent copper ring
 24052 | Lair:6   | Identified the ring of Okawaru's Benevolence {rPois rN+}
                  | (You found it on level 6 of the Lair of Beasts)
 24182 | Orc:1    | Entered Level 1 of the Orcish Mines
 24313 | Orc:1    | Noticed Harold
 24316 | Orc:1    | Killed Harold
 24416 | Orc:2    | Entered Level 2 of the Orcish Mines
 25241 | Orc:2    | Noticed a stone giant
 26011 | Orc:2    | Killed a stone giant
 26073 | Orc:2    | Found a staircase to the Elven Halls.
 26454 | Orc:2    | Found Fabbetih's Magic Scroll Boutique.
 26565 | Orc:2    | Found an ancient bone altar of Kikubaaqudgha.
 26688 | Orc:2    | Found Niopai's Antique Armour Shop.
 26695 | Orc:2    | Noticed Erolcha
 26703 | Orc:2    | Killed Erolcha
 26775 | Orc:2    | Found a radiant altar of Vehumet.
 26803 | Orc:2    | Found a roughly hewn altar of Beogh.
 26803 | Orc:2    | Found Dufurug's Gadget Shop.
 26856 | Orc:2    | Reached XP level 15. HP: 61/80 MP: 25/28
 26898 | Orc:2    | Found Beczuep's Book Boutique.
 27348 | D:11     | Noticed Fannar
 27349 | D:11     | Killed Fannar
 27557 | D:11     | Reached skill level 10 in Fighting
 28328 | D:11     | Found a hazy altar of Hepliaklqana.
 28699 | D:12     | Noticed Josephine
 28800 | D:12     | Noticed Azrael
 28801 | D:12     | Killed Azrael
 29138 | D:11     | Reached skill level 10 in Dodging
 29177 | D:12     | Noticed Rupert
 29195 | D:12     | Killed Rupert
 29604 | D:12     | Killed Josephine
 30558 | D:13     | Noticed Nessos
 30751 | Orc:2    | Bought a scroll of fear for 45 gold pieces
 30751 | Orc:2    | Bought a scroll of fog for 26 gold pieces
 30906 | D:13     | Killed Nessos
 31198 | D:13     | Found Jeuthrur's Food Shop.
 31815 | D:13     | Found a gate to the Vaults.
 32085 | D:14     | Reached skill level 1 in Shields
 32581 | D:14     | Reached XP level 16. HP: 88/88 MP: 29/29
 33149 | D:15     | Entered Level 15 of the Dungeon
 33741 | D:15     | Found a staircase to the Depths.
 34359 | D:15     | Found a sacrificial altar of Ru.
 34664 | D:15     | Learned a level 2 spell: Passwall
 34887 | Swamp:1  | Entered Level 1 of the Swamp
 35356 | Swamp:1  | Reached skill level 1 in Armour
 35681 | Swamp:1  | Identified the +3 pair of gloves of the Oligarchy {rPois
                  | Stlth+}
 35681 | Swamp:1  | Noticed Nikola
 36011 | Snake:1  | Entered Level 1 of the Snake Pit
 36772 | Snake:1  | Found a transporter.
 36774 | Snake:1  | Noticed a nagaraja
 36777 | Snake:1  | Found a radiant altar of Vehumet.
 36783 | Snake:1  | Noticed a nagaraja
 36784 | Snake:1  | Noticed a nagaraja
 36785 | Snake:1  | Noticed a nagaraja
 36803 | Snake:1  | Noticed a nagaraja
 36824 | Snake:1  | Noticed a nagaraja
 37803 | Snake:2  | Reached XP level 17. HP: 66/94 MP: 15/31
 38013 | Snake:2  | Reached skill level 1 in Earth Magic
 39605 | Snake:3  | Found Saho's Gadget Boutique.
 39605 | Snake:3  | Found Zeaqe's Jewellery Shoppe.
 39607 | Snake:3  | Found Yrueqoini's Jewellery Shoppe.
 39764 | Snake:3  | Found a runed translucent door.
 39791 | Snake:3  | Noticed Dadghomedgh's ghost (adept GnWz)
 40566 | Snake:3  | Reached skill level 5 in Shields
 41294 | Snake:3  | Reached skill level 10 in Spellcasting
 41447 | Snake:4  | Entered Level 4 of the Snake Pit
 43748 | Snake:4  | HP: 3/94 [poisoned by a nagaraja (bolt of poison)]
 44629 | Snake:4  | Reached XP level 18. HP: 98/98 MP: 33/33
 48514 | Snake:4  | Got a serpentine rune of Zot
 48647 | Lair:2   | Learned a level 6 spell: Invisibility
 48802 | Elf:1    | Entered Level 1 of the Elven Halls
 49581 | Elf:1    | Noticed Frances
 49758 | Elf:1    | Killed Frances
 50408 | Elf:1    | Found a transporter.
 50415 | Elf:1    | Noticed Sveporus's ghost (journeyman DsAK)
 50440 | Elf:1    | Found a transporter.
 50777 | Elf:1    | Identified Saany's Catalogue of Creative Combat Magic
 50787 | Elf:1    | Learned a level 4 spell: Passage of Golubria
 50968 | Elf:2    | Reached skill level 10 in Shields
 51004 | Elf:2    | Found a flickering gateway to a bazaar.
 51122 | Bazaar   | Entered a bazaar
 51169 | Bazaar   | Found Satovou's Magic Scroll Shoppe.
 51169 | Bazaar   | Found Hemuj's Antique Armour Emporium.
 51191 | Bazaar   | Found Fugait's Food Emporium.
 51213 | Bazaar   | Found Oxzep's Armour Shoppe.
 51213 | Bazaar   | Found Suaxkiab's Antique Weapon Emporium.
 51273 | Bazaar   | Bought a warped robe for 165 gold pieces
 51279 | Bazaar   | Bought a scroll of magic mapping for 49 gold pieces
 51279 | Bazaar   | Bought a scroll of teleportation for 42 gold pieces
 51279 | Bazaar   | Bought a scroll of identify for 28 gold pieces
 51308 | Bazaar   | Bought a polished falchion for 256 gold pieces
 51308 | Bazaar   | Identified the cursed +1 falchion of the Manifold Friends
                  | {flame, Int+4} (You bought it in a shop in a bazaar)
 51309 | Bazaar   | Identified the +1 robe of the Original Sin {rPois Str-4
                  | Stlth+} (You bought it in a shop in a bazaar)
 51366 | Bazaar   | Bought a scroll of remove curse for 42 gold pieces
 51593 | Elf:2    | Found a ruined gateway.
 51607 | Desolati | Entered the Desolation of Salt
 51699 | Desolati | Reached XP level 19. HP: 103/103 MP: 35/35
 51969 | Elf:2    | Found a runed translucent gate.
 51970 | Elf:2    | Found a runed translucent gate.
 51971 | Elf:2    | Found a runed translucent gate.
 53422 | Elf:3    | Entered Level 3 of the Elven Halls
 54659 | Elf:3    | Identified the amulet of the Hero {Harm *Drain Int+3}
 55062 | Elf:3    | Identified the +6 dagger of the Ecumenical Temple {elec,
                  | MP+9 Int+6}
 55171 | Elf:3    | Identified the cursed +0 dagger of Greed {elec, MR++ Int+4
                  | Dex+5}
 55838 | Elf:3    | Identified the cursed +0 scale mail of Tyulalaf {rPois
                  | Int+6}
 56420 | Elf:3    | Reached XP level 20. HP: 110/110 MP: 37/37
 56576 | Elf:3    | Noticed a Tzitzimitl
 57348 | Elf:3    | Identified the +4 war axe of the Realm of Zot {chop, Str+6}
 58175 | Swamp:1  | Killed Nikola
 61346 | Swamp:3  | Found an opulent altar of Gozag.
 61539 | Swamp:4  | Entered Level 4 of the Swamp
 62754 | Swamp:4  | Got a decaying rune of Zot
 63705 | Vaults:1 | Entered Level 1 of the Vaults
 64275 | D:13     | Found a gate to the Vaults.
 64373 | D:13     | Found Jeuthrur's Food Shop.
 64632 | Vaults:1 | Reached XP level 21. HP: 116/116 MP: 40/40
 65357 | Vaults:1 | Upgraded the game from 0.23.2-30-g0e89c35649 to
                  | 0.23.2-33-g5129a83184
 65657 | Vaults:1 | Reached skill level 11 in Stealth
 65721 | Vaults:1 | Found Gozag's Assorted Antiques.
 65757 | Vaults:1 | Found an opulent altar of Gozag.
 65757 | Vaults:1 | Found Gozag's Assorted Antiques.
 65762 | Vaults:1 | Found Gozag's Assorted Antiques.
 66125 | Vaults:1 | Reached skill level 15 in Fighting
 66436 | Vaults:1 | Reached skill level 15 in Shields
 66449 | Vaults:1 | Found a gateway to a bazaar.
 66469 | Bazaar   | Entered a bazaar
 66473 | Bazaar   | Found Xukloxof's Antique Armour Shoppe.
 66483 | Bazaar   | Found Moakh's Antique Weapon Shoppe.
 66485 | Bazaar   | Found Voeleile's Gadget Shop.
 66495 | Bazaar   | Found Uren's Book Shoppe.
 66504 | Bazaar   | Found Laetu's Distillery.
 66524 | Bazaar   | Bought a wand of clouds (5) for 378 gold pieces
 66524 | Bazaar   | Bought a wand of clouds (5) for 378 gold pieces
 66541 | Bazaar   | Bought a pair of boots for 108 gold pieces
 67116 | Vaults:1 | Identified the ring "Urogruda" {*Slow Str+4 Dex+6 Stlth-}
                  | (You found it on level 1 of the Vaults)
 68053 | Vaults:2 | Reached skill level 12 in Stealth
 68310 | Vaults:2 | Found a staircase to the Crypt.
 68310 | Vaults:2 | Found an ancient bone altar of Kikubaaqudgha.
 68311 | Vaults:2 | Found a basalt altar of Yredelemnul.
 69212 | Vaults:2 | Noticed Asterion
 69305 | Vaults:2 | Reached skill level 15 in Spellcasting
 69549 | Vaults:2 | Reached skill level 13 in Stealth
 69630 | Vaults:2 | Found a runed translucent gate.
 69631 | Vaults:2 | Found a runed translucent gate.
 69631 | Vaults:2 | Noticed Gauwit's ghost (adept SpBe)
 69632 | Vaults:2 | Found a runed translucent gate.
 69632 | Vaults:2 | Identified the +5 lajatang of Leinosm {drain, rElec rC+
                  | Stlth+}
 69632 | Vaults:2 | Identified the +1 chain mail "Voronose" {MR+ Dex+4 Stlth+}
 69636 | Vaults:2 | Found a roughly hewn altar of Beogh.
 70199 | Vaults:3 | Reached XP level 22. HP: 116/123 MP: 42/42
 70845 | Vaults:3 | Reached skill level 14 in Stealth
 71572 | Vaults:3 | Found Jiulid's Jewellery Emporium.
 71580 | Vaults:3 | Bought the amulet "Yman" {Reflect rElec rF+ SH+3} for 513
                  | gold pieces
 72102 | Vaults:2 | Upgraded the game from 0.23.2-33-g5129a83184 to
                  | 0.23.2-40-g277498a001
 73099 | Vaults:3 | Reached skill level 15 in Stealth
 73573 | Orc:2    | Bought a book of Summonings for 700 gold pieces
 73579 | Orc:2    | Learned a level 5 spell: Summon Mana Viper
 74417 | Vaults:4 | Noticed Kare Xaoge's ghost (adept DgTm)
 74418 | Vaults:4 | Found a runed translucent gate.
 74418 | Vaults:4 | Found a runed translucent gate.
 74418 | Vaults:4 | Found a runed translucent gate.
 74419 | Vaults:4 | Identified the +2 glaive "Soikk" {elec, Stlth+}
 74419 | Vaults:4 | Identified the +7 plate armour of Beauty {rC+ MR+ SInv}
 75904 | Vaults:4 | Reached skill level 16 in Stealth
 76939 | Vaults:4 | Found a roughly hewn altar of Beogh.
 77832 | Depths:1 | Entered Level 1 of the Depths
 79764 | Depths:1 | Reached XP level 23. HP: 120/131 MP: 43/43
 79810 | Depths:1 | Found a gateway to Hell.
 80534 | Depths:1 | Reached skill level 17 in Stealth
 80766 | Depths:1 | Found a one-way gate leading to the halls of Pandemonium.
 80856 | Depths:1 | Identified the +11 whip "Wohin" {freeze, -Tele rElec Int+7}
 81225 | Depths:1 | Identified the +6 war axe "Ippanyat" {flame, MR+}
 82758 | Depths:2 | Got a vibrating golden ring
 82764 | Depths:1 | Identified the ring "Hawniaz" {rPois Dex+3} (You found it
                  | on level 2 of the Depths)
 83320 | Depths:2 | Reached skill level 18 in Stealth
 84475 | Depths:3 | Found a magical portal.
 84493 | WizLab   | Entered The Roulette of Golubria
 84493 | WizLab   | Found a transporter.
 84521 | WizLab   | Found a corrupted altar of Lugonu.
 84562 | WizLab   | Found a corrupted altar of Lugonu.
 84565 | WizLab   | Found a transporter.
 84602 | WizLab   | Found a transporter.
 84671 | WizLab   | Found a transporter.
 84698 | WizLab   | Found a transporter.
 84720 | WizLab   | Found a transporter.
 84802 | WizLab   | Found a transporter.
 84822 | WizLab   | Found the +2 cloak of the Thief {+Fog Slay-2 SInv Stlth+}
 84829 | WizLab   | Found a transporter.
 84898 | WizLab   | Found a transporter.
 84898 | WizLab   | Found a transporter.
 84909 | WizLab   | Found a transporter.
 84952 | WizLab   | Found a transporter.
 84993 | WizLab   | Reached skill level 1 in Summonings
 85143 | WizLab   | Found a transporter.
 85180 | WizLab   | Found a transporter.
 85180 | WizLab   | Found a transporter.
 85214 | WizLab   | Found a transporter.
 85214 | WizLab   | Found a transporter.
 85232 | WizLab   | Reached XP level 24. HP: 120/137 MP: 43/43
 85433 | WizLab   | Found a transporter.
 85433 | WizLab   | Found a transporter.
 85474 | WizLab   | Got a heavily runed cloak
 85481 | WizLab   | Got an ancient cloak
 85533 | WizLab   | Identified the +0 cloak of the Sun {rN+ Dex+4} (You found
                  | it in a wizard's laboratory)
 85534 | WizLab   | Identified the cursed -4 cloak of Cheibriados's Fury {rPois
                  | Str+3 Stlth+} (You found it in a wizard's laboratory)
 85723 | WizLab   | Found a transporter.
 86878 | Depths:3 | Learned a level 4 spell: Summon Lightning Spire
 86890 | Depths:3 | Noticed a juggernaut
 87080 | Depths:3 | Reached skill level 19 in Stealth
 87690 | Depths:3 | Killed a juggernaut
 88391 | Depths:4 | Identified a scroll of acquirement
 88482 | Depths:4 | Reached skill level 5 in Summonings
 88638 | Depths:4 | Noticed a caustic shrike
 88741 | Depths:3 | Learned a level 2 spell: Swiftness
 89040 | Depths:4 | Killed a caustic shrike
 89230 | Depths:4 | Noticed Frederick
 89351 | Depths:4 | Killed Frederick
 89522 | Depths:4 | Found a gateway to a ziggurat.
 89765 | Depths:4 | Found a one-way gate to the infinite horrors of the Abyss.
 90324 | Depths:4 | Noticed Saint Roka
 90394 | Depths:3 | Gained mutation: Scrolls take you a little longer to read.
                  | [mutagenic glow]
 90930 | Depths:4 | Killed Saint Roka
 90955 | Depths:4 | Reached skill level 20 in Stealth
 91251 | Depths:5 | Entered Level 5 of the Depths
 91286 | Depths:5 | Noticed Margery
 92187 | Depths:4 | Reached XP level 25. HP: 69/144 MP: 15/43
 93609 | Depths:5 | Killed Margery
 94537 | Depths:1 | Lost mutation: Scrolls take you a little longer to read.
                  | [potion of mutation]
 94537 | Depths:1 | Gained mutation: Armour fits poorly on your strangely
                  | shaped body. [potion of mutation]
 94537 | Depths:1 | Gained mutation: You tend to lose your temper in combat.
                  | [potion of mutation]
 94537 | Depths:1 | Gained mutation: You are clumsy. (Dex -2) [potion of
                  | mutation]
 94537 | Depths:1 | Gained mutation: You have an increased reservoir of magic.
                  | (+10% MP) [potion of mutation]
 95069 | Snake:3  | Killed Dadghomedgh's ghost
 95076 | Snake:3  | Identified Hefiplip's Guide on the Cankerous Mountains
 95474 | Depths:4 | Voluntarily entered the Abyss.
 95476 | Abyss:1  | Found a corrupted altar of Lugonu.
 95490 | Abyss:1  | Got a faintly glowing broad axe
 95687 | Abyss:2  | Got a pair of ancient boots
 95700 | Abyss:2  | Identified the cursed +0 pair of boots of the Beekeeper
                  | {rPois rCorr Int-2 SInv} (You found it on level 2 of the
                  | Abyss)
 96128 | Abyss:3  | Found a corrupted altar of Lugonu.
 96159 | Abyss:3  | Found a transporter.
 96179 | Abyss:3  | Paralysed by accursed screaming for 1 turns
 96615 | Depths:4 | Escaped the Abyss
 96668 | Depths:4 | Identified the +6 broad axe of Agoso {antimagic, Int+2}
                  | (You found it on level 1 of the Abyss)
 96708 | Depths:4 | Voluntarily entered the Abyss.
 96845 | Abyss:2  | Found a corrupted altar of Lugonu.
 96868 | Abyss:2  | Found a sparkling altar of Nemelex Xobeh.
 97544 | Abyss:2  | Reached skill level 21 in Stealth
 97601 | Abyss:3  | Lost mutation: Armour fits poorly on your strangely shaped
                  | body. [potion of mutation]
 97601 | Abyss:3  | Gained mutation: You have a somewhat thin skeletal
                  | structure. (Dex +2, Stealth) [potion of mutation]
 98415 | Abyss:3  | Paralysed by accursed screaming for 1 turns
 98423 | Abyss:3  | Paralysed by accursed screaming for 2 turns
 98519 | Abyss:3  | Reached skill level 15 in Dodging
 98706 | Abyss:3  | Got an abyssal rune of Zot
 98708 | Abyss:3  | Paralysed by accursed screaming for 2 turns
 98712 | Abyss:3  | Paralysed by accursed screaming for 2 turns
 98716 | Abyss:3  | Paralysed by accursed screaming for 2 turns
 98728 | Depths:4 | Escaped the Abyss
 99195 | Crypt:1  | Entered Level 1 of the Crypt
100410 | Crypt:2  | Reached XP level 26. HP: 151/151 MP: 47/47
100994 | Crypt:2  | Identified the cursed +0 great sword "Wyegixt" {protect,
                  | *Drain rPois MR+}
101561 | Crypt:3  | Entered Level 3 of the Crypt
102566 | Crypt:3  | Identified the Disquisition on Dislocated Moulding
103040 | Crypt:3  | Got a pair of smoking gloves
103657 | Crypt:3  | Reached skill level 10 in Summonings
103820 | Crypt:3  | Identified the +3 pair of gloves of Baldness {+Fly rN+
                  | Dex+4} (You found it on level 3 of the Crypt)
104499 | Crypt:3  | Found a staircase to the Tomb.
104749 | Crypt:3  | Learned a level 6 spell: Shadow Creatures
105972 | Snake:1  | Found a transporter.
105983 | Snake:1  | Got a jewelled hand crossbow
106035 | Snake:1  | Identified the Handbook of Feathers
106055 | Snake:1  | Identified the +5 hand crossbow "Waug" {venom, rPois rF++
                  | Str-5 Int+3} (You found it on level 1 of the Snake Pit)
106063 | Snake:1  | Got a translucent hat
106429 | Elf:1    | Killed Sveporus's ghost
106512 | Elf:1    | Gained mutation: You often lose your temper in combat.
                  | [mutagenic glow]
106525 | Elf:1    | Identified the +2 hat of Lengier {Int+7} (You found it on
                  | level 1 of the Snake Pit)
106528 | Elf:1    | Got a translucent helmet
106611 | Orc:2    | Bought a scroll of enchant armour for 97 gold pieces
106611 | Orc:2    | Bought a scroll of identify for 26 gold pieces
106611 | Orc:2    | Bought a scroll of teleportation for 39 gold pieces
106611 | Orc:2    | Identified the +3 helmet of the Hart {Str+3} (You found it
                  | on level 1 of the Elven Halls)
107292 | Vaults:1 | Bought a scroll of identify for 200 gold pieces
108437 | Depths:5 | Found Yduezez's One-of-a-Kind Books.
109447 | Depths:5 | Reached XP level 27. HP: 156/156 MP: 47/47
109460 | Depths:5 | Found a gate to the Realm of Zot.
109876 | Zot:1    | Entered Level 1 of the Realm of Zot
110809 | Zot:1    | Got a jewelled cloak
111143 | Vaults:1 | Bought a scroll of identify for 200 gold pieces
111143 | Vaults:1 | Identified the +2 cloak of the Prince {+Fly MR+ Slay+2}
                  | (You found it on level 1 of the Realm of Zot)
111560 | Zot:1    | Reached skill level 5 in Armour
111669 | Zot:1    | Found a runed translucent door.
111672 | Zot:1    | Noticed Gruesph's ghost (legendary FoFi)
111832 | Zot:2    | Noticed an orb of fire
112266 | Zot:2    | Reached skill level 5 in Translocations
112290 | Zot:2    | Gained mutation: You are dopey. (Int -2) [an orb of fire]
112311 | Zot:2    | Gained mutation: Your body sometimes deteriorates upon
                  | taking damage. [an orb of fire]
113171 | Snake:3  | Bought an uncursed ring of protection from cold for 425
                  | gold pieces
113180 | Snake:3  | Bought a wand of clouds (2) for 270 gold pieces
113938 | Zot:2    | Gained mutation: You occasionally shout uncontrollably at
                  | your foes. [an orb of fire]
114057 | Zot:2    | Gained mutation: You are very dopey. (Int -4) [an orb of
                  | fire]
114088 | Zot:2    | Gained mutation: You are frail. (-10% HP) [an orb of fire]
114092 | Zot:2    | Lost mutation: You occasionally shout uncontrollably at
                  | your foes. [an orb of fire]
114094 | Zot:2    | Killed an orb of fire
114326 | Depths:5 | Lost mutation: You have an increased reservoir of magic.
                  | (+10% MP) [potion of mutation]
114326 | Depths:5 | Lost mutation: You are very dopey. (Int -4) [potion of
                  | mutation]
114326 | Depths:5 | Lost mutation: You are frail. (-10% HP) [potion of
                  | mutation]
114326 | Depths:5 | Lost mutation: You are clumsy. (Dex -2) [potion of
                  | mutation]
114326 | Depths:5 | Gained mutation: You have supernaturally acute eyesight.
                  | (SInv) [potion of mutation]
114846 | Zot:2    | Found a basalt altar of Yredelemnul.
114922 | Zot:3    | Reached skill level 15 in Summonings
116604 | Zot:5    | Entered Level 5 of the Realm of Zot
117110 | Zot:5    | Learned a level 6 spell: Darkness
117229 | Zot:5    | Noticed an ancient lich
117379 | Zot:5    | Killed an ancient lich
117576 | Zot:5    | Noticed an orb of fire
117576 | Zot:5    | Noticed an ancient lich
118514 | Zot:5    | Gained mutation: You are very dopey. (Int -4) [an orb of
                  | fire]
118517 | Zot:5    | Gained mutation: You have an uncontrollable temper. [an orb
                  | of fire]
118521 | Zot:5    | Killed an ancient lich
118523 | Zot:5    | Noticed an orb of fire
118531 | Zot:5    | Gained mutation: Armour fits poorly on your strangely
                  | shaped body. [an orb of fire]
118532 | Zot:5    | Noticed an ancient lich
118533 | Zot:5    | Noticed an orb of fire
118536 | Zot:5    | Got the Orb of Zot
118538 | Zot:5    | Noticed an ancient lich
118539 | Zot:5    | Gained mutation: Your body often deteriorates upon taking
                  | damage. [an orb of fire]
118540 | Zot:5    | HP: 6/156 [orb of fire/bolt of fire (2)]
118543 | Zot:5    | HP: 2/156 [orb of fire/fireball (7)]
118545 | Zot:5    | Gained mutation: You are frail. (-10% HP) [an orb of fire]
118547 | Zot:5    | Gained mutation: Your magical capacity is low. (-10% MP)
                  | [an orb of fire]
118975 | D:14     | Noticed Cotzux the pandemonium lord
119289 | D:$      | Escaped with the Orb!

Skill      XL: |  1  2  3  4  5  6  7  8  9 10 11 12 13 14 15 16 17 18 19 20 21 22 23 24 25 26 27 |
---------------+----------------------------------------------------------------------------------+-----
Short Blades   | 1 2 3 4 5 6 9 11 12 14 | 14.0
Stealth        | 4 5 6 7 8 10 13 16 18 20 21 | 21.6
Hexes          | 4 5 6 7 9 10 11 13 14 | 14.2
Spellcasting   | 3 4 5 6 7 8 9 10 11 12 14 15 16 | 16.0
Translocations | 1 2 4 7 |  7.6
Fighting       | 3 5 7 9 11 12 13 14 15 17 18 19 20 | 20.0
Dodging        | 3 5 7 9 11 13 14 15 16 18 | 18.1
Shields        | 2 4 7 10 12 14 15 | 15.0
Armour         | 3 9 |  9.6
Earth Magic    | 2 |  2.0
Summonings     | 1 5 7 13 16 | 16.6

Action                   |  1- 3 |  4- 6 |  7- 9 | 10-12 | 13-15 | 16-18 | 19-21 | 22-24 | 25-27 || total
-------------------------+-------+-------+-------+-------+-------+-------+-------+-------+-------++-------
Melee: Dagger            |    75 |   232 |   317 |   984 |  2069 |  2139 |  2662 |  2318 |  2675 || 13471
       Bite              |    10 |    69 |    95 |   283 |   661 |   793 |   948 |   909 |  1022 ||  4790
       Rapier            |       |       |       |       |       |       |       |       |   126 ||   126
Throw: Javelin           |       |       |       |       |    31 |    70 |    25 |     8 |       ||   134
       Throwing net      |       |       |       |       |     4 |       |       |     1 |     1 ||     6
 Cast: Corona            |     2 |       |       |    14 |     7 |     7 |     8 |     1 |       ||    39
       Ensorcelled Hiber |    11 |    13 |    39 |   193 |   284 |   168 |     6 |     9 |       ||   723
       Confuse           |       |     4 |    27 |    30 |   110 |    72 |    32 |    33 |     6 ||   314
       Tukima's Dance    |       |       |     6 |     4 |    23 |    11 |       |    29 |     8 ||    81
       Blink             |       |       |     1 |     3 |     2 |     5 |       |     2 |     3 ||    16
       Cause Fear        |       |       |       |       |     2 |     4 |       |       |       ||     6
       Dazzling Spray    |       |       |       |       |    27 |   228 |    11 |     1 |       ||   267
       Passwall          |       |       |       |       |       |    21 |     1 |       |       ||    22
       Invisibility      |       |       |       |       |       |    11 |    29 |    46 |    55 ||   141
       Passage of Golubr |       |       |       |       |       |       |     4 |     3 |     2 ||     9
       Summon Mana Viper |       |       |       |       |       |       |       |    45 |    53 ||    98
       Summon Lightning  |       |       |       |       |       |       |       |    20 |    37 ||    57
       Shadow Creatures  |       |       |       |       |       |       |       |       |    35 ||    35
       Darkness          |       |       |       |       |       |       |       |       |     1 ||     1
Invok: Lunge             |     6 |    30 |    62 |   148 |   212 |   294 |   227 |   344 |   269 ||  1592
       Whirlwind         |       |    38 |    20 |   179 |   284 |   240 |   289 |   332 |   449 ||  1831
       Serpent's Lash    |       |       |       |     1 |       |     1 |       |     1 |     3 ||     6
       Heavenly Storm    |       |       |       |       |       |       |       |       |     1 ||     1
 Abil: Wall Jump         |       |       |       |       |     2 |       |     1 |       |       ||     3
       Evoke Flight      |       |       |       |       |       |       |       |       |     3 ||     3
Evoke: Wand              |       |       |     1 |     3 |     7 |    10 |     2 |    12 |    17 ||    52
  Use: Scroll            |       |     6 |    10 |     5 |    11 |    11 |     9 |    12 |    41 ||   105
       Potion            |       |       |     1 |       |       |     2 |       |     2 |    15 ||    20
 Stab: Sleeping          |    14 |    13 |    31 |   119 |   148 |   115 |    50 |    88 |   125 ||   703
       Confused          |       |     3 |     9 |    16 |    47 |    35 |    18 |    20 |     2 ||   150
       Distracted        |       |       |     1 |     1 |     7 |    11 |    15 |    20 |    39 ||    94
       Invisible         |       |       |       |       |     8 |   118 |   111 |   173 |   127 ||   537
       Held in net/web   |       |       |       |       |     4 |       |       |       |       ||     4
  Eat: Chunk             |     3 |    10 |     5 |    38 |    49 |    24 |    29 |    41 |    23 ||   222
       Ration            |       |       |     3 |     2 |       |    11 |    12 |    11 |    24 ||    63
Armor: Ring mail         |    20 |    65 |    67 |   118 |       |       |       |       |       ||   270
       Robe              |       |       |       |   154 |   338 |   215 |   221 |   171 |   172 ||  1271
       Acid dragon scale |       |       |       |       |       |       |       |       |    54 ||    54
       Shadow dragon sca |       |       |       |       |       |       |       |       |   145 ||   145
Dodge: Dodged            |    39 |   103 |   124 |   366 |   957 |   890 |   688 |   554 |   803 ||  4524
Block: Buckler           |       |       |       |       |     4 |   288 |    83 |       |       ||   375
       Shield            |       |       |       |       |       |       |   618 |   793 |  1092 ||  2503
       Reflection        |       |       |       |       |       |       |    35 |    76 |    22 ||   133
